 Dungeon Crawl Stone Soup version 0.25-a0-634-gd1561dc703 (webtiles) character file.

Game seed: 3934094917024840236, levelgen mode: deterministic

1740 Eurus the Conjurer (level 8, -8/60 HPs)
             Began as a Mummy Conjurer on Mar 20, 2020.
             Was an Initiate of Ashenzari.
             Mangled by an ogre
             ... wielding a +0 giant club
              (30 damage)
             ... on level 6 of the Dungeon.
             The game lasted 00:18:07 (7276 turns).

Eurus the Conjurer (Mummy Conjurer)                 Turns: 7276, Time: 00:18:08

Health: -8/60      AC:  4    Str: 11    XL:     8   Next: 77%
Magic:  10/18      EV: 12    Int: 17    God:    Ashenzari [......]
Gold:   313        SH:  0    Dex: 12    Spells: 11/20 levels left

rFire    x . .     SeeInvis .   h - +5 dagger (flame)
rCold    + . .     Gourm    .   (no shield)
rNeg     + + +     Faith    .   a - +0 robe
rPois    ∞         Spirit   .   q - +0 helmet
rElec    .         Reflect  .   u - +0 cloak
rCorr    .         Harm     .   (no gloves)
MR       ++...                  (no boots)
Stlth    ++........             (no amulet)
HPRegen  0.20/turn              l - ring of protection from magic
MPRegen  0.16/turn              (no ring)

@: no status effects
A: no food or potions, fire vulnerability, cold resistance 1, negative energy
resistance 3, torment resistance, unbreathing
a: Curse Item, Renounce Religion


You were on level 6 of the Dungeon.
You worshipped Ashenzari.
Ashenzari was noncommittal.
You were not hungry.

You visited 2 branches of the dungeon, and saw 7 of its levels.
You also visited: Sewer.

You collected 313 gold pieces.

Inventory:

Hand Weapons
 h - a +5 dagger of flaming (weapon)
Armour
 a - a +0 robe (worn)
 m - a +0 leather armour
 q - a +0 helmet (worn)
 r - the +1 ring mail of Papoaxal {+Blink Slay+3}
   (You found it on level 4 of the Dungeon)

   It affects your accuracy and damage with ranged weapons and melee attacks
   (+3).
   It lets you blink.
 u - a +0 cloak (worn)
Jewellery
 l - a ring of protection from magic (left hand)
Wands
 i - a wand of polymorph (10)
 n - a wand of iceblast (8)
 v - a wand of enslavement (5)
Scrolls
 b - 9 scrolls of identify
 c - 3 scrolls of enchant weapon
 d - 3 scrolls of fear
 e - 9 scrolls of remove curse
 f - a scroll of enchant armour
 g - a scroll of teleportation
 j - 2 scrolls of magic mapping
 o - a scroll of amnesia


   Skills:
 - Level 4.0 Fighting
 + Level 2.3 Dodging
 - Level 1.5 Stealth
 + Level 6.8 Spellcasting
 * Level 7.1 Conjurations
 + Level 3.4 Translocations


You had 11 spell levels left.
You knew the following spells:

 Your Spells              Type           Power        Failure   Level  Hunger
a - Magic Dart            Conj           ####         1%          1    N/A
b - Searing Ray           Conj           ####..       1%          2    N/A
c - Iskenderun's Mystic   Conj/Tloc      ###.....     13%         4    N/A
d - Blink                 Tloc           N/A          4%          2    N/A

Your spell library contained the following spells:

 Spells                   Type           Power        Failure   Level  Hunger
 Conjure Flame            Conj/Fire      ###.....     9%          3    N/A
 Dazzling Flash           Conj/Hex       ###...       9%          3    N/A
 Mephitic Cloud           Conj/Pois/Air  ##......     13%         3    N/A
 Call Imp                 Summ           #.......     19%         2    N/A
 Slow                     Hex            #.......     19%         2    N/A
 Fulminant Prism          Conj/Hex       ###.......   26%         4    N/A

Dungeon Overview and Level Annotations

Branches:
Dungeon (6/15)             Temple (1/1) D:5           Sewer (visited)

Altars:
Ashenzari
Dithmenos
Elyvilon
Fedhas
Hepliaklqana
Kikubaaqudgha
Makhleb
Nemelex Xobeh
Okawaru
Qazlal
Ru
Trog
Uskayaw
Vehumet
Xom
Zin
The Shining One

Shops:
D:5 ?   D:6 ?


Innate Abilities, Weirdness & Mutations

You do not eat or drink.
Your flesh is vulnerable to fire.
You are immune to poison.
Your flesh is cold resistant. (rC+)
You are immune to negative energy. (rN+++)
You are immune to unholy pain and torment.
You can survive without breathing.


Message History

The iguana hisses menacingly.
The ogre closely misses you.
Found a murky amethyst potion.
Casting: Searing Ray (safe; 1% risk of failure)
Confirm with . or Enter, or press ? or * to list all spells.
Aiming: Searing Ray (safe; 1% risk of failure)
Press: ? - help, Shift-Dir - straight line, f - ogre
Aim: an ogre, wielding a +0 giant club (lightly wounded)
The searing ray hits the ogre!
The ogre is moderately wounded.
The searing ray hits the iguana.
The iguana is almost dead. (Press . to maintain the ray.)
The searing ray hits the ogre!
The ogre is severely wounded.
The searing ray hits the iguana.
You kill the iguana!
The ogre hits you with a +0 giant club!!
Ouch! That really hurt!
You die...

##.#..###*#..####....#*#,**,,,,,,
.......####..%.#....##..,,**,,,,,
.........###......###...,,,,,,,,,
.#.......##.......##....,,,,,,,,,
.#...........###........,,,,,,,,,
.#......[...####..#.....,,,,,,,,,
.).......#.## #.†###....,,,,,,,,,
.##......#..###.O.......,,**,,,,,
........###..##.@.......,,***,,,,
#.......#*#.............,,* **,,,
#........###............,,* *,,,
........###............8,,****,,,
........................,,,,,,,,,
...........8.8......##.!,,,,,,,,*
....................#*#.,,,,,,,,*
,....................*,,,,,,,,,,*
,...............####.**,,,,,,,,,,


You could see an ogre.

Vanquished Creatures
  Pikel (D:4)
  A water moccasin (D:5)
  An ogre (D:5)
  3 centaurs (D:5)
  4 big kobolds (Sewer)
  A scorpion (D:4)
  A centaur skeleton (D:6)
  An orc wizard (D:6)
  Crazy Yiuf (D:5)
  2 iguanas
  Terence (D:3)
  2 worker ants
  2 worker ant zombies (D:6)
  4 gnolls (D:5)
  10 adders
  A river rat (Sewer)
  2 shadow imps (D:5)
  An ooze (D:4)
  2 adder skeletons (D:4)
  3 worms
  2 dart slugs
  8 leopard geckos
  8 orcs
  6 bats
  5 giant cockroaches
  7 goblins
  5 hobgoblins
  3 jackals (D:2)
  25 kobolds
  4 quokkas
  9 ball pythons
  14 frilled lizards
  34 rats
  A plant (D:2)
175 creatures vanquished.

Notes
Turn   | Place    | Note
-------+----------+-------------------------------------------
     0 | D:1      | Eurus the Mummy Conjurer began the quest for the Orb.
     0 | D:1      | Reached XP level 1. HP: 13/13 MP: 4/4
   302 | D:1      | Reached XP level 2. HP: 19/19 MP: 3/6
   308 | D:1      | Learned a level 2 spell: Searing Ray
  1300 | D:2      | Reached XP level 3. HP: 24/24 MP: 2/7
  1503 | D:2      | Reached skill level 4 in Conjurations
  1889 | D:2      | Reached XP level 4. HP: 29/30 MP: 5/9
  2806 | D:3      | Found a white marble altar of Elyvilon.
  2928 | D:3      | Noticed Terence
  2944 | D:3      | Killed Terence
  2944 | D:3      | Reached XP level 5. HP: 26/35 MP: 1/11
  2952 | D:3      | Learned a level 4 spell: Iskenderun's Mystic Blast
  4185 | D:4      | Learned a level 2 spell: Blink
  4289 | D:4      | Reached skill level 1 in Fighting
  4289 | D:4      | Reached skill level 5 in Conjurations
  4601 | D:4      | Reached skill level 1 in Translocations
  4601 | D:4      | Reached XP level 6. HP: 43/43 MP: 8/12
  4605 | D:4      | Got a diamond-encrusted ring mail
  4769 | D:5      | Entered Level 5 of the Dungeon
  4783 | D:5      | Found a staircase to the Ecumenical Temple.
  4796 | Temple   | Entered the Ecumenical Temple
  5232 | D:5      | Reached skill level 5 in Spellcasting
  5253 | D:5      | Found Jabewuud's Magic Scroll Emporium.
  5268 | D:5      | Reached XP level 7. HP: 41/50 MP: 10/14
  5583 | D:5      | Found a runed translucent door.
  5584 | D:5      | Noticed Crazy Yiuf
  5618 | D:5      | Killed Crazy Yiuf
  5618 | D:5      | Reached skill level 6 in Conjurations
  5940 | D:5      | Noticed Pikel
  6044 | D:4      | Killed Pikel
  6044 | D:4      | Reached XP level 8. HP: 6/59 MP: 4/17
  6531 | D:6      | Found Dyebutir's Magic Scroll Shop.
  6543 | D:6      | Found an ancient bone altar of Kikubaaqudgha.
  6545 | D:6      | Found a shattered altar of Ashenzari.
  6545 | D:6      | Found an iron altar of Okawaru.
  6548 | D:6      | Found a blossoming altar of Fedhas.
  6553 | D:6      | Became a worshipper of Ashenzari the Shackled
  6674 | D:6      | Found a glowing drain.
  6696 | Sewer    | Entered a sewer
  7094 | Sewer    | Reached skill level 7 in Conjurations
  7276 | D:6      | Mangled by an ogre

Levels and vault maps discovered:
D:1:      minmay_arrival_plants_in_alcoves, layout_basic
D:2:      layout_loops_ring, minmay_lizard_king
D:3:      layout_basic, elyvilon_altar_4, first_ration, uniq_terence
D:4:      layout_rooms, grunt_ministairs_9
D:5:      layout_basic, minmay_temple_entry_poolview, serial_shops, shop,
          serial_corexii_hall, chequers_hall_statues_wall_a,
          corexii_hall_statues_deadend, kennysheep_generic_room_10,
          uniq_crazy_yiuf_cottage, uniq_pikel
D:6:      layout_cave_pools, grunt_temple_overflow_open, serial_column_ruins,
          column_ruins_open_small, column_ruins_open_tiny,
          column_ruins_columns_straight, column_ruins_corridor_dead_end,
          column_ruins_columns_straight, serial_shops,
          nicolae_shop_temple_entry_statues_fountains, portal_sewer_entry_b,
          uniq_duvessa
Temple:   nicolae_temple_hex_pool

Skill      XL: |  1  2  3  4  5  6  7  8 |
---------------+-------------------------+-----
Spellcasting   | 3 4 5 6 |  6.8
Conjurations   | 4 5 6 7 |  7.1
Fighting       | 1 2 3 4 |  4.0
Translocations | 1 3 |  3.4
Dodging        | 2 |  2.3
Stealth        | |  1.5

Action                   |  1- 3 |  4- 6 |  7- 9 || total
-------------------------+-------+-------+-------++-------
Melee: Dagger            |    28 |    82 |    73 ||   183
 Cast: Magic Dart        |    57 |    35 |    29 ||   121
       Searing Ray       |     6 |    25 |    23 ||    54
  Use: Scroll            |       |       |     8 ||     8
 Stab: Sleeping          |       |     4 |       ||     4
Armor: Robe              |     5 |     9 |    22 ||    36
Dodge: Dodged            |    24 |    41 |    79 ||   144

Table legend:
 A = Non-vault XP
 B = Vault XP
 C = Vault XP percentage of total XP
 D = Non-vault monster count
 E = Vault monster count
 F = Vault count percentage of total count
                 A         B        C        D         E       F
            +---------+---------+-------+---------+---------+-------
      Total |    1290 |    1197 |  48.1 |     109 |      65 |  37.4
            +---------+---------+-------+---------+---------+-------
        D:1 |      34 |       0 |   0.0 |      19 |       0 |   0.0
        D:2 |     100 |      10 |   9.1 |      34 |       8 |  19.0
        D:3 |      42 |      36 |  46.2 |      14 |       1 |   6.7
        D:4 |     176 |     645 |  78.6 |      17 |       3 |  15.0
        D:5 |     763 |      40 |   5.0 |      16 |       1 |   5.9
        D:6 |     175 |       8 |   4.4 |       9 |       4 |  30.8
      Sewer |       0 |     458 | 100.0 |       0 |      48 | 100.0
            +---------+---------+-------+---------+---------+-------
